 Dungeon Crawl Stone Soup version 0.31.0 (webtiles) character file.

Game seed: 16189104198674554597

40 qw the Shooter (level 3, -10/22 HPs)
             Began as a Gargoyle Hunter on Jan 20, 2024.
             Killed from afar by an orc wizard (12 damage)
             ... with a puff of flame
             ... on level 2 of the Dungeon.
             The game lasted 00:00:06 (1273 turns).

qw the Shooter (Gargoyle Hunter)                    Turns: 1273, Time: 00:00:07

Health: -10/22     AC:  7    Str: 20    XL:     3   Next: 50%
Magic:  3/3        EV: 11    Int:  9    God:
Gold:   64         SH:  0    Dex: 15    Spells: 2/2 levels left

rFire   . . .        a - +0 shortbow
rCold   . . .        (shield currently unavailable)
rNeg    + . .        c - +0 leather armour
rPois   inf          (no helmet)
rElec   +            (no cloak)
rCorr   .            h - +0 pair of gloves
SInv    .            (no boots)
Will    .....        (no amulet)
Stlth   ++           e - +6 ring of strength
HPRegen 0.23/turn    (no ring)
MPRegen 0.08/turn

%: no passive effects
@: no status effects
A: sickness immunity, AC +3, negative energy resistance 1, electricity
resistance, torment resistance 1, petrification resistance
a: no special abilities


You were on level 2 of the Dungeon.
You visited 1 branch of the dungeon, and saw 3 of its levels.

You collected 64 gold pieces.


Innate Abilities, Weirdness & Mutations

You are immune to sickness and miasma.
Your stone body is resilient. (AC +3)
You are immune to poison.
You resist negative energy. (rN+)
You are resistant to electric shocks. (rElec)
You are resistant to unholy torment.
You are immune to petrification.


   Skills:
 + Level 2.6 Fighting
 - Level 5.0 Ranged Weapons
 - Level 1.5 Dodging
 - Level 1.1 Stealth


You had 2 spell levels left.
You didn't know any spells.
Your spell library was empty.

Inventory:

Hand Weapons
 a - a +0 shortbow (weapon)
Armour
 c - a +0 leather armour (worn)
 h - a +0 pair of gloves (worn)
Jewellery
 e - a +6 ring of strength (left hand)
Potions
 f - a potion of berserk rage {unknown}
 i - a potion of heal wounds {unknown}

Dungeon Overview and Level Annotations

Branches:
Dungeon (3/15)

Altars:

Shops:
D:3 :


Message History

The orc closely misses you. Something hits you but does no damage.
You shoot an arrow. The arrow barely misses the orc.
The orc hits you but does no damage. Something hits you.
You shoot an arrow. The arrow hits the orc!
You kill the orc!
Something hits you. Something completely misses you.
You shoot an arrow. Something hits you but does no damage.
1249 ||| FLEEEEING.
You hear some strange, mumbled words.
A puff of flame appears from out of thin air!
The puff of flame hits you! Something hits you.
You hear some strange, mumbled words.
You are confused.
Something hits you. Something hits you.
You shoot an arrow.
You hear some strange, mumbled words.
You are more confused.
1260 ||| FLEEEEING.
Something hits you but does no damage.
You bump into the rock wall.
Something hits you but does no damage. Something hits you but does no damage.
Something hits you. Something barely misses you.
You miss something. Something hits you but does no damage.
You shoot an arrow.
You feel less confused. Something hits you but does no damage.
1271 ||| FLEEEEING.
Something hits you. Something hits you but does no damage.
You hear some strange, mumbled words.
A puff of flame appears from out of thin air!
The puff of flame hits you!
Ouch! That really hurt!
You die...

...........####..................
..(.................#............
...######...........#......(.....
####### #(..........#............
###...# #...........#............
......###...........#............
...............{..[.+.###########
).....###...........#.#
......#.........@...#.#
>.....#.............#.###########
......#.............#...........#
....................#...........#
...........#####................#
................................#
................................#
................................#
...........)....................#


There were no monsters in sight!

Vanquished Creatures
  An orc (D:2)
  5 endoplasms
  3 giant cockroaches (D:1)
  2 goblins (D:1)
  2 hobgoblins (D:1)
  5 kobolds
  2 quokkas (D:1)
  A ball python (D:2)
  7 bats
  5 frilled lizards
  4 rats (D:1)
37 creatures vanquished.

Notes
Turn   | Place    | Note
-------+----------+-------------------------------------------
     0 | D:1      | qw the Gargoyle Hunter began the quest for the Orb.
     0 | D:1      | Reached XP level 1. HP: 12/12 MP: 1/1
     0 | D:1      | 0 ||| qw: Version: 0.3-a-132-g3d54051
     0 | D:1      | 0 ||| qw: Game counter: 567
     0 | D:1      | 0 ||| qw: Melee chars always use a shield: true
     0 | D:1      | 0 ||| qw: God list: Okawaru
     0 | D:1      | 0 ||| qw: Allow faded altars: false
     0 | D:1      | 0 ||| qw: Do Orc after clearing Dungeon:15 true
     0 | D:1      | 0 ||| qw: Do second Lair branch before Depths: true
     0 | D:1      | 0 ||| qw: Lair rune preference: random
     0 | D:1      | 0 ||| qw: Goals: Normal
     0 | D:1      | 0 ||| PLANNING D:1-11
   133 | D:1      | Reached XP level 2. HP: 17/17 MP: 2/2
   300 | D:1      | Reached XP level 3. HP: 21/21 MP: 3/3
   366 | D:1      | Found a faded altar of an unknown god.
   501 | D:1      | Reached skill level 5 in Ranged Weapons
   701 | D:1      | 701 ||| UPGRADING to +6 ring of strength.
   702 | D:1      | 702 ||| DRINKING 2 fuming silvery potions.
   703 | D:1      | 703 ||| DROPPING scroll of butterflies.
   853 | D:2      | 853 ||| FLEEEEING.
  1195 | D:2      | 1195 ||| UPGRADING to +0 pair of gloves.
  1200 | D:2      | 1200 ||| READING scroll labelled SEISE KUFF.
  1201 | D:2      | 1201 ||| READING scroll labelled DUCHUMADOL.
  1202 | D:2      | 1202 ||| READING scroll labelled WEROLA OREUSIM.
  1203 | D:2      | 1203 ||| FLEEEEING.
  1206 | D:2      | 1206 ||| READING scroll labelled TOTOAG ZOFOH.
  1231 | D:3      | Found Gytex's Book Shop.
  1232 | D:3      | 1232 ||| STAIRDANCE
  1234 | D:3      | 1234 ||| STAIRDANCE
  1236 | D:2      | 1236 ||| DRINKING potion of curing.
  1236 | D:2      | 1236 ||| (to cure confusion)
  1249 | D:2      | 1249 ||| FLEEEEING.
  1257 | D:2      | HP: 5/22 [something (2)]
  1260 | D:2      | 1260 ||| FLEEEEING.
  1264 | D:2      | HP: 3/22 [something (1)]
  1271 | D:2      | 1271 ||| FLEEEEING.
  1271 | D:2      | HP: 2/22 [something (3)]
  1273 | D:2      | Killed from afar by an orc wizard

Levels and vault maps discovered:
D:1:      ldierk_walled_garden, layout_basic,
          shapermc_ecumenical_altar_hornbeckon, chequers_serial_rivers_room_a,
          grunt_decor_arrowhead
D:2:      layout_basic
D:3:      layout_rooms, nicolae_overflow_ecumenical_swirl,
          gammafunk_ghost_grave, serial_shops, nicolae_book_shop_shelving,
          uniq_terence, uniq_robin

Skill      XL: |  1  2  3 |
---------------+----------+-----
Ranged Weapons | 5 |  5.0
Fighting       | |  2.6
Dodging        | |  1.5
Stealth        | |  1.1

Action                     || total
---------------------------++-------
  Melee: Shortbow          ||     1
   Fire: Shortbow          ||   118
    Use: Scroll            ||     4
         Potion            ||     2
 Armour: Leather armour    ||    60
  Dodge: Dodged            ||    39

Table legend:
 A = Non-vault XP
 B = Vault XP
 C = Vault XP percentage of total XP
 D = Non-vault monster count
 E = Vault monster count
 F = Vault count percentage of total count
                 A         B        C        D         E       F
            +---------+---------+-------+---------+---------+-------
      Total |      58 |       0 |   0.0 |      37 |       0 |   0.0
            +---------+---------+-------+---------+---------+-------
        D:1 |      41 |       0 |   0.0 |      26 |       0 |   0.0
        D:2 |      17 |       0 |   0.0 |      11 |       0 |   0.0
            +---------+---------+-------+---------+---------+-------
